MLB
SAN DIEGO PADRES @ NEW YORK METS
07/06/2020
 
TOP OF THE 1ST
Toronto Blue Jays batting - Pitching for Boston Red Sox : RHP Collin McHugh
Pitching: RHP Collin McHugh
Batting: LHB Cavan Biggio 0-0: SOLO HOME RUN (Flyball, 9LD, EV 97.5 MPH), Distance : 362 ft
Batting: RHB Lourdes Gurriel Jr. 0-0: Ball
1-0: Ball
2-0: Called Strike
2-1: Called Strike
2-2: Fly out, F9 (Flyball, 9LM, EV 93.1 MPH)
Batting: RHB Vladimir Guerrero Jr. 0-0: Foul Ball, location: 2F
0-1: Called Strike
0-2: Foul Ball, location: 2F
0-2: Ball
1-2: Strikes out swinging, 2-3 out at first.
Batting: RHB Bo Bichette 0-0: Foul Ball, location: 2F
0-1: Ball
1-1: Called Strike
1-2: Strikes out swinging
Top of the 1st over - 1 run, 1 hit, 0 errors, 0 left on base; Toronto 1 - Boston 0
BOTTOM OF THE 1ST
Boston Red Sox batting - Pitching for Toronto Blue Jays : RHP Chase Anderson
Pitching: RHP Chase Anderson
Batting: RHB Jose Peraza 0-0: Bunt for hit to 2R - play at first, batter safe!
Batting: RHB J.D. Martinez 0-0: Ball
1-0: Ball
2-0: Swinging Strike
2-1: Foul Ball, location: 2F
2-2: Fly out, F9 (Flyball, 9LS, EV 93.1 MPH)
Batting: LHB Rafael Devers 0-0: Ball
Jose Peraza steals 2nd base
1-0: Foul Ball, location: 2F
1-1: Ball
2-1: 2-RUN HOME RUN (Flyball, 9D, EV 110.0 MPH), Distance : 423 ft
Batting: LHB Alex Verdugo 0-0: Foul Ball, location: 2F
0-1: Ball
1-1: Ball
2-1: Foul Ball, location: 2F
2-2: Ball
3-2: Foul Ball, location: 2F
3-2: Fly out, F5 (Popup, 5, EV 78.1 MPH)
Batting: RHB Xander Bogaerts 0-0: Ball
1-0: Ball
2-0: Ground out 5-3 (Groundball, 56, EV 101.9 MPH)
Bottom of the 1st over - 2 runs, 2 hits, 0 errors, 0 left on base; Toronto 1 - Boston 2
TOP OF THE 2ND
Toronto Blue Jays batting - Pitching for Boston Red Sox : RHP Collin McHugh
Batting: LHB Travis Shaw 0-0: Called Strike
0-1: Swinging Strike
0-2: Ball
1-2: Strikes out swinging
Batting: RHB Randal Grichuk 0-0: Swinging Strike
0-1: Ground out 6-3 (Groundball, 56, EV 104.4 MPH)
Batting: LHB Reese McGuire 0-0: Ball
1-0: Called Strike
1-1: Fly out, F5 (Popup, 5, EV 81.9 MPH)
Top of the 2nd over - 0 runs, 0 hits, 0 errors, 0 left on base; Toronto 1 - Boston 2
BOTTOM OF THE 2ND
Boston Red Sox batting - Pitching for Toronto Blue Jays : RHP Chase Anderson
Batting: LHB Andrew Benintendi 0-0: Swinging Strike
0-1: Ball
1-1: Swinging Strike
1-2: Ball
2-2: Ball
3-2: Strikes out swinging
Batting: RHB Michael Chavis 0-0: Called Strike
0-1: SOLO HOME RUN (Flyball, 78XD, EV 114.4 MPH), Distance : 437 ft
Batting: RHB Christian Vazquez 0-0: Fly out, F9 (Flyball, 9LS, EV 91.3 MPH)
Batting: LHB Tzu-Wei Lin 0-0: SINGLE (Line Drive, 78M, EV 98.8 MPH)
Batting: RHB Jose Peraza 0-0: Single, Error in OF, E9, batter to second base (Groundball, 34D, EV 108.8 MPH)
Tzu-Wei Lin to third
Batting: RHB J.D. Martinez 0-0: Foul Ball, location: 2F
0-1: Fly out, F6 (Popup, 56, EV 58.1 MPH)
Bottom of the 2nd over - 1 run, 3 hits, 1 error, 2 left on base; Toronto 1 - Boston 3
TOP OF THE 3RD
Toronto Blue Jays batting - Pitching for Boston Red Sox : RHP Collin McHugh
Batting: RHB Teoscar Hernandez 0-0: Ball
1-0: Ball
2-0: Called Strike
2-1: Ball
3-1: Foul Ball, location: 2F
3-2: Foul Ball, location: 2F
3-2: Strikes out swinging
Batting: RHB Anthony Alford 0-0: Called Strike
0-1: Ball
1-1: Fly out, F7 (Flyball, 7LD, EV 98.8 MPH)
Batting: LHB Cavan Biggio 0-0: Foul Ball, location: 2F
0-1: Ground out 2-3 (Groundball, 15S, EV 68.1 MPH)
Top of the 3rd over - 0 runs, 0 hits, 0 errors, 0 left on base; Toronto 1 - Boston 3
BOTTOM OF THE 3RD
Boston Red Sox batting - Pitching for Toronto Blue Jays : RHP Chase Anderson
Batting: LHB Rafael Devers 0-0: Called Strike
0-1: Fly out, F9 (Line Drive, 9, EV 93.8 MPH)
Batting: LHB Alex Verdugo 0-0: Called Strike
0-1: SINGLE (Line Drive, 34D, EV 96.9 MPH)
Batting: RHB Xander Bogaerts 0-0: Swinging Strike
0-1: Ball
1-1: Ball
2-1: Foul Ball, location: 2F
2-2: Ball
3-2: Strikes out swinging
Batting: LHB Andrew Benintendi 0-0: Called Strike
0-1: Foul Ball, location: 2F
0-2: DOUBLE (Groundball, 3L, EV 96.3 MPH)
Alex Verdugo to third
Batting: RHB Michael Chavis 0-0: Ball
1-0: Ball
2-0: Ball
Wild Pitch!
Alex Verdugo scores
Andrew Benintendi to third
3-0: Base on Balls
Batting: RHB Christian Vazquez 0-0: Called Strike
0-1: Ball
1-1: Ball
2-1: Foul Ball, location: 2F
2-2: Fly out, F3 (Popup, 3F, EV 67.5 MPH)
Bottom of the 3rd over - 1 run, 2 hits, 0 errors, 2 left on base; Toronto 1 - Boston 4
TOP OF THE 4TH
Toronto Blue Jays batting - Pitching for Boston Red Sox : RHP Collin McHugh
Batting: RHB Lourdes Gurriel Jr. 0-0: Ball
1-0: Swinging Strike
1-1: Swinging Strike
1-2: Foul Ball, location: 2F
1-2: Strikes out swinging
Batting: RHB Vladimir Guerrero Jr. 0-0: Ball
1-0: Called Strike
1-1: Ball
2-1: Foul Ball, location: 2F
2-2: SINGLE (Line Drive, 56D, EV 95.6 MPH)
Batting: RHB Bo Bichette 0-0: Called Strike
0-1: SINGLE (Line Drive, 6D, EV 109.4 MPH)
Vladimir Guerrero Jr. to second
Batting: LHB Travis Shaw 0-0: Called Strike
0-1: Ball
1-1: Foul Ball, location: 2F
1-2: Ball
2-2: Foul Ball, location: 2F
2-2: Ball
3-2: DOUBLE (Flyball, 5D, EV 97.5 MPH)
Vladimir Guerrero Jr. scores
Bo Bichette to third
Batting: RHB Randal Grichuk 0-0: Ball
1-0: Called Strike
1-1: Foul Ball, location: 2F
1-2: Foul Ball, location: 2F
1-2: Ball
2-2: Ball
3-2: Base on Balls
Batting: LHB Reese McGuire 0-0: Ball
1-0: Swinging Strike
1-1: Ball
2-1: Swinging Strike
2-2: Strikes out looking
Batting: RHB Teoscar Hernandez 0-0: Called Strike
0-1: Swinging Strike
0-2: Strikes out swinging
Top of the 4th over - 1 run, 3 hits, 0 errors, 3 left on base; Toronto 2 - Boston 4
BOTTOM OF THE 4TH
Boston Red Sox batting - Pitching for Toronto Blue Jays : RHP Chase Anderson
Batting: LHB Tzu-Wei Lin 0-0: Called Strike
0-1: Ball
1-1: Foul Ball, location: 2F
1-2: Ball
2-2: Ball
3-2: Ground out 4-3 (Groundball, 4, EV 106.3 MPH)
Batting: RHB Jose Peraza 0-0: Foul Ball, location: 2F
0-1: Called Strike
0-2: Hit by Pitch
Batting: RHB J.D. Martinez 0-0: Ball
1-0: Foul Ball, location: 2F
1-1: Ball
2-1: Fly out, F9 (Flyball, 9, EV 83.8 MPH)
Batting: LHB Rafael Devers 0-0: Ball
1-0: Ball
2-0: Called Strike
Jose Peraza is caught stealing 2nd base 2-6
Bottom of the 4th over - 0 runs, 0 hits, 0 errors, 0 left on base; Toronto 2 - Boston 4
TOP OF THE 5TH
Toronto Blue Jays batting - Pitching for Boston Red Sox : RHP Collin McHugh
Batting: RHB Anthony Alford 0-0: Called Strike
0-1: Called Strike
0-2: Strikes out swinging
Batting: LHB Cavan Biggio 0-0: Ball
1-0: Called Strike
1-1: Swinging Strike
1-2: Foul Ball, location: 2F
1-2: Strikes out swinging
Batting: RHB Lourdes Gurriel Jr. 0-0: Ball
1-0: Ball
2-0: Swinging Strike
2-1: Foul Ball, location: 2F
2-2: Ball
3-2: Strikes out swinging
Top of the 5th over - 0 runs, 0 hits, 0 errors, 0 left on base; Toronto 2 - Boston 4
BOTTOM OF THE 5TH
Boston Red Sox batting - Pitching for Toronto Blue Jays : RHP Chase Anderson
Batting: LHB Rafael Devers 0-0: Ball
1-0: Called Strike
1-1: Swinging Strike
1-2: Strikes out swinging
Batting: LHB Alex Verdugo 0-0: Fly out, F8 (Flyball, 89XD, EV 86.9 MPH)
Batting: RHB Xander Bogaerts 0-0: Called Strike
0-1: Ball
1-1: Ball
2-1: Ground out 6-3 (Groundball, 6, EV 81.9 MPH)
Bottom of the 5th over - 0 runs, 0 hits, 0 errors, 0 left on base; Toronto 2 - Boston 4
TOP OF THE 6TH
Toronto Blue Jays batting - Pitching for Boston Red Sox : RHP Collin McHugh
Batting: RHB Vladimir Guerrero Jr. 0-0: Fly out, F7 (Flyball, 7, EV 92.5 MPH)
Batting: RHB Bo Bichette 0-0: Foul Ball, location: 2F
0-1: Ground out 2-3 (Groundball, 2L, EV 70.0 MPH)
Batting: LHB Travis Shaw 0-0: Called Strike
0-1: Swinging Strike
0-2: Foul Ball, location: 2F
0-2: Foul Ball, location: 2F
0-2: Ball
1-2: Foul Ball, location: 2F
1-2: Ball
2-2: Strikes out swinging
Top of the 6th over - 0 runs, 0 hits, 0 errors, 0 left on base; Toronto 2 - Boston 4
BOTTOM OF THE 6TH
Boston Red Sox batting - Pitching for Toronto Blue Jays : RHP Chase Anderson
Batting: LHB Andrew Benintendi 0-0: Called Strike
0-1: Ball
1-1: Fly out, F8 (Flyball, 89XD, EV 95.0 MPH)
Batting: RHB Michael Chavis 0-0: Fly out, F9 (Flyball, 9LM, EV 97.5 MPH)
Batting: RHB Christian Vazquez 0-0: Called Strike
0-1: Ball
1-1: Foul Ball, location: 2F
1-2: Ground out 6-3 (Groundball, 6, EV 83.1 MPH)
Bottom of the 6th over - 0 runs, 0 hits, 0 errors, 0 left on base; Toronto 2 - Boston 4
TOP OF THE 7TH
Toronto Blue Jays batting - Pitching for Boston Red Sox : RHP Collin McHugh
Batting: RHB Randal Grichuk 0-0: Called Strike
0-1: SINGLE (Groundball, 56D, EV 99.4 MPH)
Batting: LHB Reese McGuire 0-0: Ball
1-0: Ball
2-0: Ball
3-0: Called Strike
3-1: Foul Ball, location: 2F
3-2: SINGLE (Line Drive, 9S, EV 93.1 MPH)
Randal Grichuk to second
Runner from 2nd tries for 3rd, SAFE, throw by RF made to third
Batting: RHB Teoscar Hernandez 0-0: Ball
1-0: Foul Ball, location: 2F
1-1: SINGLE (Flyball, 89S, EV 95.0 MPH)
Randal Grichuk scores
Reese McGuire to second
Pinch Hitting: LHB Derek Fisher 0-0: Ball
1-0: Swinging Strike
1-1: Swinging Strike
1-2: Strikes out swinging
Batting: LHB Cavan Biggio 0-0: Swinging Strike
0-1: Ball
1-1: Foul Ball, location: 2F
1-2: Ball
2-2: Foul Ball, location: 2F
2-2: Foul Ball, location: 2F
2-2: Ball
3-2: Base on Balls
Reese McGuire to third
Teoscar Hernandez to second
Pitching: RHP Brandon Workman
Batting: RHB Lourdes Gurriel Jr. 0-0: Called Strike
0-1: Called Strike
0-2: Foul Ball, location: 2F
0-2: Ball
1-2: Strikes out swinging
Batting: RHB Vladimir Guerrero Jr. 0-0: Fly out, F9 (Line Drive, 9, EV 94.4 MPH)
Top of the 7th over - 1 run, 3 hits, 0 errors, 3 left on base; Toronto 3 - Boston 4
BOTTOM OF THE 7TH
Boston Red Sox batting - Pitching for Toronto Blue Jays : RHP Chase Anderson
Now in RF: Derek Fisher
Batting: LHB Tzu-Wei Lin 0-0: Called Strike
0-1: Ground out 4-3 (Groundball, 34D, EV 101.3 MPH)
Batting: RHB Jose Peraza 0-0: Called Strike
0-1: Called Strike
0-2: Foul Ball, location: 2F
0-2: Foul Ball, location: 2F
0-2: Ball
1-2: Strikes out looking
Pitching: RHP Dany Jimenez
Batting: RHB J.D. Martinez 0-0: Foul Ball, location: 2F
0-1: Ball
1-1: Foul Ball, location: 2F
1-2: Ball
2-2: Ground out 4-3 (Groundball, 4, EV 86.3 MPH)
Bottom of the 7th over - 0 runs, 0 hits, 0 errors, 0 left on base; Toronto 3 - Boston 4
TOP OF THE 8TH
Toronto Blue Jays batting - Pitching for Boston Red Sox : RHP Brandon Workman
Batting: RHB Bo Bichette 0-0: Ball
1-0: Fly out, F7 (Line Drive, 7, EV 94.4 MPH)
Batting: LHB Travis Shaw 0-0: Swinging Strike
0-1: Ball
1-1: Called Strike
1-2: Ball
2-2: Strikes out looking
Batting: RHB Randal Grichuk 0-0: Fly out, F8 (Flyball, 8LXD, EV 92.5 MPH)
Top of the 8th over - 0 runs, 0 hits, 0 errors, 0 left on base; Toronto 3 - Boston 4
BOTTOM OF THE 8TH
Boston Red Sox batting - Pitching for Toronto Blue Jays : RHP Dany Jimenez
Batting: LHB Rafael Devers 0-0: Ball
1-0: Called Strike
1-1: Ball
2-1: Fly out, F8 (Flyball, 8LD, EV 91.3 MPH)
Batting: LHB Alex Verdugo 0-0: SINGLE (Line Drive, 6D, EV 100.0 MPH)
Batting: RHB Xander Bogaerts 0-0: Called Strike
0-1: Fly out, F9 (Flyball, 89XD, EV 91.9 MPH)
Batting: LHB Andrew Benintendi 0-0: Called Strike
0-1: Ball
1-1: Ball
2-1: Foul Ball, location: 2F
2-2: Ball
3-2: Foul Ball, location: 2F
3-2: Foul Ball, location: 2F
3-2: Base on Balls
Alex Verdugo to second
Batting: RHB Michael Chavis 0-0: Ball
1-0: Fly out, F7 (Flyball, 7D, EV 110.0 MPH)
Bottom of the 8th over - 0 runs, 1 hit, 0 errors, 2 left on base; Toronto 3 - Boston 4
TOP OF THE 9TH
Toronto Blue Jays batting - Pitching for Boston Red Sox : RHP Brandon Workman
Pitching: RHP Ryan Brasier
Batting: LHB Reese McGuire 0-0: Ball
1-0: Ball
2-0: Called Strike
2-1: Called Strike
2-2: Foul Ball, location: 2F
2-2: Ball
3-2: Foul Ball, location: 2F
3-2: Ground out 6-3 (Groundball, 6, EV 108.8 MPH)
Batting: RHB Teoscar Hernandez 0-0: Foul Ball, location: 2F
0-1: Ball
1-1: Ball
2-1: Called Strike
2-2: Ball
3-2: DOUBLE (Flyball, 8LXD, EV 105.6 MPH)
Batting: LHB Derek Fisher 0-0: Called Strike
0-1: Called Strike
0-2: Foul Ball, location: 2F
0-2: Ball
1-2: Strikes out swinging
Batting: LHB Cavan Biggio 0-0: Ball
1-0: Called Strike
1-1: Swinging Strike
1-2: Strikes out swinging
Top of the 9th over - 0 runs, 1 hit, 0 errors, 1 left on base; Toronto 3 - Boston 4
Batting: RHB Jake Marisnick 0-0: Foul Ball, location: 2F
0-1: Swinging Strike
0-2: Foul Ball, location: 2F
0-2: Ball
1-2: Strikes out looking
Batting: LHB Luis Guillorme 0-0: Ground out 4-3 (Groundball, 4, EV 90.0 MPH)
Pinch Hitting: RHB J.D. Davis 0-0: Ball
1-0: Ball
2-0: Called Strike
2-1: Ball
3-1: Called Strike
3-2: Strikes out swinging
Bottom of the 8th over - 0 runs, 0 hits, 0 errors, 0 left on base; San Diego 5 - New York 2
TOP OF THE 9TH
San Diego Padres batting - Pitching for New York Mets : LHP Justin Wilson
Pitching: RHP Robert Gsellman
Pinch Hitting: SHB Abraham Almonte 0-0: Ball
1-0: Ball
2-0: Foul Ball, location: 2F
2-1: Ball
3-1: Swinging Strike
3-2: Fly out, F4 (Flyball, 34D, EV 92.5 MPH)
Batting: LHB Trent Grisham 0-0: Ball
1-0: Ball
2-0: Fly out, F6 (Popup, 6, EV 58.8 MPH)
Batting: LHB Franchy Cordero 0-0: Foul Ball, location: 2F
0-1: Swinging Strike
0-2: Foul Ball, location: 2F
0-2: Ball
1-2: Ball
2-2: Strikes out swinging
Top of the 9th over - 0 runs, 0 hits, 0 errors, 0 left on base; San Diego 5 - New York 2
BOTTOM OF THE 9TH
New York Mets batting - Pitching for San Diego Padres : RHP Michel Baez
Pitching: RHP Kirby Yates
Batting: RHB Amed Rosario 0-0: Ball
1-0: Swinging Strike
1-1: Ball
2-1: Swinging Strike
2-2: Strikes out swinging
Batting: LHB Brandon Nimmo 0-0: Ball
1-0: Called Strike
1-1: Foul Ball, location: 2F
1-2: Foul Ball, location: 2F
1-2: Foul Ball, location: 2F
1-2: Ball
2-2: Ball
3-2: DOUBLE (Line Drive, 78XD, EV 113.1 MPH)
Batting: LHB Michael Conforto 0-0: Swinging Strike
0-1: Called Strike
0-2: Foul Ball, location: 2F
0-2: Ball
1-2: Foul Ball, location: 2F
1-2: Hit by Pitch
Pitching: RHP Andres Munoz
Batting: RHB Pete Alonso 0-0: Ball
1-0: Foul Ball, location: 2F
1-1: Ball
2-1: Foul Ball, location: 2F
2-2: Ball
3-2: Base on Balls
Brandon Nimmo to third
Michael Conforto to second
Batting: LHB Jeff McNeil 0-0: Swinging Strike
0-1: Called Strike
0-2: Ball
1-2: Fly out, F4 (Popup, 4M, EV 70.6 MPH)
Batting: RHB Wilson Ramos 0-0: Called Strike
0-1: Swinging Strike
0-2: Strikes out swinging
Bottom of the 9th over - 0 runs, 1 hit, 0 errors, 3 left on base; San Diego 5 - New York 2
Sunday, July 12th, 2020 - OOTP Baseball 21.4 Build 63